 Dungeon Crawl Stone Soup version 0.30.1-9-gdf580d7c3d (webtiles) character file.

Game seed: 14582056673752170121

495 Ivernyr the Trooper (level 7, -24/57 HPs)
             Began as a Formicid Fighter on Sept 28, 2023.
             Was an Initiate of Wu Jian.
             Annihilated by an ogre
             ... wielding a +0 giant club
              (25 damage)
             ... on level 5 of the Dungeon.
             The game lasted 00:09:55 (3950 turns).

Ivernyr the Trooper (Formicid Fighter)              Turns: 3950, Time: 00:09:56

Health: -24/57     AC: 11    Str: 23    XL:     7   Next: 38%
Magic:  7/7        EV: 10    Int:  7    God:    Wu Jian [......]
Gold:   1205       SH:  5    Dex: 13    Spells: 6/6 levels left

rFire   + . .        a - +0 flail
rCold   . . .        c - +0 buckler
rNeg    . . .        b - +2 ring mail {rF+}
rPois   .            (helmet unavailable)
rElec   .            y - +1 cloak
rCorr   .            p - +0 pair of gloves
SInv    +            (no boots)
Will    .....        e - amulet of the acrobat
Stlth   +            (no ring)
HPRegen 0.29/turn    (no ring)
MPRegen 0.10/turn

%: acrobat
@: invisible
A: permanent stasis, dig shafts and tunnels, antennae 3, four strong arms
a: Dig, Shaft Self, Renounce Religion


You were on level 5 of the Dungeon.
You worshipped Wu Jian.
Wu Jian was noncommittal.
You visited 2 branches of the dungeon, and saw 6 of its levels.

You collected 1229 gold pieces.
You spent 24 gold pieces at shops.

Inventory:

Hand Weapons
 a - a +0 flail (weapon)
Missiles
 w - a throwing net
Armour
 b - a +2 ring mail of fire resistance (worn)
 c - a +0 buckler (worn)
 p - a +0 pair of gloves (worn)
 y - a +1 cloak (worn)
Jewellery
 e - an amulet of the acrobat (around neck)
Wands
 v - a wand of roots (21)
Scrolls
 h - 2 scrolls of fog {unknown}
 j - 2 scrolls of amnesia {unknown}
 q - a scroll of torment {unknown}
 r - a scroll of noise {unknown}
 u - 2 scrolls of fear {unknown}
 x - a scroll of enchant armour {unknown}
Potions
 f - 3 potions of brilliance
 k - 3 potions of lignification
 m - a potion of invisibility
 n - 2 potions of magic
 o - 3 potions of curing
 t - a potion of resistance
 z - 2 potions of heal wounds


   Skills:
 + Level 5.7 Fighting
 + Level 4.5 Maces & Flails
 + Level 5.6 Armour
 - Level 4.0 Shields


You had 6 spell levels left.
You didn't know any spells.
Your spell library contained the following spells:

 Spells                   Type           Power      Damage    Failure   Level
 Summon Forest            Summ/Tloc      0%         N/A       100%        5
 Summon Mana Viper        Hex/Summ       0%         N/A       100%        5
 Summon Cactus Giant      Summ           0%         N/A       100%        6


Dungeon Overview and Level Annotations

Branches:
Dungeon (5/15)             Temple (1/1) D:4

Altars:
Fedhas
Gozag
Hepliaklqana
Kikubaaqudgha
Makhleb
Nemelex Xobeh
Okawaru
Ru
Trog
Wu Jian
Xom
Yredelemnul
Zin
The Shining One

Shops:
D:4 ?:

Annotations:
Temple 2 transporters


Innate Abilities, Weirdness & Mutations

You cannot be hasted, slowed, berserked, paralysed or teleported.
You can dig through walls and to a lower floor.
You have a pair of large antennae on your head. (SInv)
Your four strong arms can wield two-handed weapons with a shield.


Message History

The adder moves out of view.
Found 20 gold pieces.
You barely miss the adder. The adder closely misses you.
The adder bites you but does no damage.
You sock the adder!
You kill the adder!
The Council accepts your kill.
You see here an adder corpse.
You now have 1163 gold pieces (gained 18).
You now have 1172 gold pieces (gained 9).
You now have 1180 gold pieces (gained 8).
You now have 1192 gold pieces (gained 12).
j - 2 scrolls labelled BOPNUCH DEREM (gained 1)
You see here an adder corpse.
You now have 1205 gold pieces (gained 13).
An ogre comes into view. It is wielding a +0 giant club.
The ogre shouts!
An ogre is nearby!
You barely miss the ogre.
The ogre hits you with a +0 giant club!!
You hit the ogre.
The ogre is lightly wounded.
The ogre hits you with a +0 giant club!
You barely miss the ogre.
The ogre is lightly wounded.
A phantom comes into view.
The ogre hits you with a +0 giant club!
* * * LOW HITPOINT WARNING * * *
You fade into invisibility!
You sock the ogre!
The ogre is moderately wounded.
The ogre barely misses you.
You hit the ogre but do no damage.
The ogre is moderately wounded.
The ogre hits you with a +0 giant club!
* * * LOW HITPOINT WARNING * * *
You barely miss the ogre.
The ogre is moderately wounded.
The ogre hits you with a +0 giant club!!
You die...

.....# #.# #.#..
###..# #.# #.#.. ###
#..########.## #.#..
...##..##........#
#....
.###.#...##.#####..#
###.#
..........#.### #..#
#.# ###..........#
#..# #.#
####.###W#.###..#
#.# #.# #.#.@OW..#
#.. #.# #.#####.##
### #.# #...W...#
#.# ######### #.#
######.###
##........#####
###............>#
..#..##....#.#..#


You could see an ogre (unable to see you) and a phantom (unable to see you).

Vanquished Creatures
  An ice beast (D:4)
  A centaur (D:5)
  A scorpion (D:5)
  2 hounds
  2 iguanas
  A gnoll (D:1)
  6 adders
  An ufetubus (D:5)
  A worm (D:4)
  5 dart slugs
  3 orcs
  4 endoplasms
  2 giant cockroaches
  8 hobgoblins
  2 quokkas (D:1)
  7 ball pythons
  9 bats
  4 frilled lizards
  13 goblins
  11 kobolds
  4 rats
88 creatures vanquished.

Notes
Turn   | Place    | Note
-------+----------+-------------------------------------------
     0 | D:1      | Ivernyr the Formicid Fighter began the quest for the Orb.
     0 | D:1      | Reached XP level 1. HP: 18/18 MP: 1/1
   124 | D:1      | Reached XP level 2. HP: 24/24 MP: 2/2
   331 | D:1      | Reached XP level 3. HP: 29/30 MP: 3/3
   765 | D:2      | Reached XP level 4. HP: 37/37 MP: 4/4
  1950 | D:3      | Found a faded altar of an unknown god.
  2123 | D:4      | Found a glowing golden altar of the Shining One.
  2132 | D:4      | Reached XP level 5. HP: 40/43 MP: 5/5
  2189 | D:4      | Found a staircase to the Ecumenical Temple.
  2200 | D:4      | Noticed an ice beast
  2253 | Temple   | Entered the Ecumenical Temple
  2253 | Temple   | Found a transporter.
  2253 | Temple   | Found a transporter.
  2255 | Temple   | Found a transporter.
  2255 | Temple   | Found a transporter.
  2267 | Temple   | Became a worshipper of the Wu Jian Council
  2610 | D:4      | Reached XP level 6. HP: 48/49 MP: 6/6
  2630 | D:4      | Found a large runed translucent door.
  2630 | D:4      | Found a large runed translucent door.
  2639 | D:4      | Found a shimmering altar of Xom.
  2766 | D:4      | Found Utoseirun's Magic Scroll Shop.
  2775 | D:4      | Bought a scroll of identify for 24 gold pieces
  2784 | D:4      | Identified a scroll of acquirement
  2785 | D:4      | Acquired 769 gold pieces
  2911 | D:4      | Found Gofisteacs's Book Shoppe.
  3006 | D:4      | Killed an ice beast
  3007 | D:4      | Reached skill level 5 in Fighting
  3007 | D:4      | Reached skill level 5 in Armour
  3184 | D:5      | Entered Level 5 of the Dungeon
  3312 | D:5      | Reached * piety under Wu Jian
  3313 | D:5      | Reached XP level 7. HP: 53/56 MP: 7/7
  3826 | D:5      | Found a glowing silver altar of Zin.
  3949 | D:5      | HP: 1/57 [ogre/+0 giant club (11)]
  3950 | D:5      | Annihilated by an ogre

Illustrated notes

Levels and vault maps discovered:
D:1:      dpeg_arrival_three_bigger_balls, layout_rooms, minivault_27,
          glass_columns_b, st_stairs_3
D:2:      layout_loops_ring, small_statue_intersection
D:3:      layout_rooms, shapermc_ecumenical_altar_notcrosses,
          nrook_loot_triangle
D:4:      due_chaos_kobolds, layout_loops_ring,
          mainiacjoe_overflow_six_doors_small, temple_doors_e, serial_shops,
          shop, shop
D:5:      layout_loops_corners, lemuel_crystal_altar, minmay_gold_behind_fungi,
          dreamdust_wishing_well
Temple:   hellmonk_temple_divided_pantheon

Skill      XL: |  1  2  3  4  5  6 |
---------------+-------------------+-----
Fighting       | 4 5 |  5.7
Armour         | 4 5 |  5.6
Maces & Flails | 3 4 |  4.5
Shields        | |  4.0

Action                     |  1- 3 |  4- 6 |  7- 9 || total
---------------------------+-------+-------+-------++-------
  Melee: Flail             |    83 |   189 |    26 ||   298
Ability: Lunge             |       |     5 |       ||     5
         Dig               |       |     1 |       ||     1
    Use: Scroll            |       |    11 |     1 ||    12
         Potion            |       |     1 |     1 ||     2
 Armour: Scale mail        |    26 |    24 |       ||    50
         Ring mail         |       |    55 |     8 ||    63
  Dodge: Dodged            |    64 |    91 |    20 ||   175
  Block: Buckler           |    30 |    40 |     3 ||    73
